 Dungeon Crawl Stone Soup version 0.26-a0-712-ga5a9c9c9d0 (webtiles) character file.

Game seed: 13237191706216445725

18163 kae the Transmogrifier (level 12, -4/87 HPs)
             Began as an Octopode Transmuter on Nov 5, 2020.
             Was the Champion of Cheibriados.
             Slain by a vampire mosquito (5 damage)
             ... while petrified by a basilisk
             ... on level 12 of the Dungeon.
             The game lasted 00:16:07 (22014 turns).

kae the Transmogrifier (Octopode Transmuter)       Turns: 22014, Time: 00:16:08

Health: -4/87      AC:  2    Str: 28    XL:     12   Next: 55%
Magic:  24/27      EV:  2    Int: 39    God:    Cheibriados [******]
Gold:   1241       SH:  0    Dex: 28    Spells: 6/19 levels left

rFire    + + .     SeeInvis .     - Unarmed
rCold    . . .     Faith    .   (shield currently unavailable)
rNeg     + + +     Spirit   .   p - +1 hat
rPois    ∞         Reflect  +   y - amulet of Wonder {Reflect rElec rPois MR+ SH+5}
rElec    +         Harm     .   d - ring of protection from fire
rCorr    +         Rampage  .   k - +6 ring of intelligence
MR       +....                  s - ring of poison resistance
Stlth    +++.......             o - ring of flight
HPRegen  0.64/turn              u - ring of protection from fire
MPRegen  0.20/turn              x - ring of magical power
                                z - ring of positive energy
                                F - ring of resist corrosion

@: blade tentacles (expiring), petrified, very slow
A: almost no armour, stealthy swim, amphibious, 8 rings, constrict 8, camouflage
1, clever 1, regeneration 1, gelatinous body 1, evolution 1
a: End Transformation, Bend Time, Temporal Distortion, Slouch, Step From Time,
Renounce Religion, Evoke Flight


You were on level 12 of the Dungeon.
You worshipped Cheibriados.
Cheibriados was exalted by your worship.
You had blades for tentacles.
You visited 3 branches of the dungeon, and saw 14 of its levels.
You also visited: Bailey.

You collected 1241 gold pieces.

Inventory:

Hand Weapons
 D - a +3 scimitar of flaming
Armour
 p - a +1 hat (worn)
Jewellery
 d - a ring of protection from fire (left scythe-like blade)
 k - a +6 ring of intelligence (right scythe-like blade)
 o - a ring of flight (on tentacle)
 s - a ring of poison resistance (on tentacle)
 u - a ring of protection from fire (on tentacle)
 x - a ring of magical power (on tentacle)
 y - the amulet of Wonder (around mantle) {Reflect rElec rPois MR+ SH+5}
   (You found it on level 9 of the Dungeon)

   [amulet of reflection]

   It shields you and reflects attacks.
   It insulates you from electricity.
   It protects you from poison.
   It affects your resistance to hostile enchantments.
   It affects your SH (+5).
 z - a ring of positive energy (on tentacle)
 F - a ring of resist corrosion (on tentacle)
Wands
 i - a wand of disintegration (77)
 v - a wand of iceblast (35)
 w - a wand of acid (23)
 E - a wand of flame (27)
Scrolls
 a - 8 scrolls of teleportation
 b - 3 scrolls of blinking
 e - 9 scrolls of remove curse
 q - 2 scrolls of enchant weapon
 r - 3 scrolls of amnesia
 t - 5 scrolls of identify
 B - a scroll of enchant armour
 C - 3 scrolls of magic mapping
Potions
 c - 3 potions of brilliance
 f - 7 potions of curing
 g - 2 potions of haste
 h - 3 potions of cancellation
 j - 5 potions of might
 l - 2 potions of mutation
 m - 5 potions of flight
 n - a potion of magic
 A - a potion of resistance


   Skills:
 - Level 10.0 Fighting
 + Level 8.6 Dodging
 - Level 10.0 Unarmed Combat
 - Level 4.0 Spellcasting
 - Level 11.0 Transmutations
 - Level 4.0 Ice Magic
 - Level 4.0 Poison Magic


You had 6 spell levels left.
You knew the following spells:

 Your Spells              Type           Power        Failure   Level
a - Beastly Appendage     Tmut           ######       5%          1
b - Spider Form           Tmut/Pois      ######....   12%         3
c - Blade Hands           Tmut           #######...   16%         5
d - Ice Form              Ice/Tmut       ######..     19%         4

Your spell library contained the following spells:

 Spells                   Type           Power        Failure   Level
 Wereblood                Tmut           #######.     6%          2
 Shock                    Conj/Air       #...         28%         1
 Swiftness                Air            #.......     34%         2
 Static Discharge         Conj/Air       #.......     47%         3
 Airstrike                Air            #.........   77%         4
 Lightning Bolt           Conj/Air       #.........   95%         5


Dungeon Overview and Level Annotations

Branches:
Dungeon (12/15)            Temple (1/1) D:7            Lair (1/6) D:8
    Orc (0/2) D:10         Bailey (visited)

Altars:
Ashenzari
Cheibriados
Dithmenos
Elyvilon
Fedhas
Gozag
Hepliaklqana
Kikubaaqudgha
Makhleb
Nemelex Xobeh
Okawaru
Qazlal
Ru
Sif Muna
Trog
Uskayaw
Vehumet
Wu Jian
Xom
Yredelemnul
Zin
The Shining One

Shops:
D:10 (

Annotations:
D:3 2 transporters, Azzok's ghost, amateur DsBe
D:10 2 runed translucent doors, Yendr0's ghost, novice DDFi
Lair:1 Joseph; Sonja


Innate Abilities, Weirdness & Mutations

You cannot wear most types of armour.
You are very stealthy in the water. (Stealth+)
You are amphibious.
You can wear up to eight rings at the same time.
You can use your tentacles to constrict eight enemies at once.
Your skin changes colour to match your surroundings (Stealth+).
Your rubbery body absorbs attacks. (AC +1, EV +1)
Your mind is acute. (Int +2)
Your natural rate of healing is unusually fast.
You evolve.


Message History

The centaur warrior hits you but does no damage.
The worker ant bites you.
* * * LOW HITPOINT WARNING * * *
The vampire mosquito bites you.
* * * LOW HITPOINT WARNING * * *
The centaur warrior hits you!
* * * LOW HITPOINT WARNING * * *
The worker ant completely misses you.
Your transformation is almost over.
The vampire mosquito bites you.
* * * LOW HITPOINT WARNING * * *
The centaur warrior hits you.
* * * LOW HITPOINT WARNING * * *
The vampire mosquito bites you but does no damage.
The vampire mosquito bites you!
* * * LOW HITPOINT WARNING * * *
The centaur warrior hits you!
* * * LOW HITPOINT WARNING * * *
The vampire mosquito bites you!
You die...

#..##.#.#......# ##
#..##.#.#....<.#
..#..............# $
#.#..##.#.#......# $$
(....##.#........#
.###.#..##.#.#......#
.l..#†.##>#.B......#
#.l#((##T#ey#######
#..#(WZZBc@(#
#.(..##l#..(#
#.##.(##.#.#.# #
#..##.#.#.#
#.......#.#
...##>#...#
#...##.#....
###....#.# .#


You could see a centaur warrior, a deep elf mage, a troll, a basilisk, a wraith,
a vampire mosquito, 2 worker ants, a centaur simulacrum and a centaur warrior
skeleton.

Vanquished Creatures
  An ogre mage (D:12)
  A centaur warrior (D:12)
  3 two-headed ogres
  Erica (D:10)
  2 unseen horrors (D:12)
  2 orc knights (Bailey)
  A cyclops (D:11)
  An ugly thing (D:11)
  A komodo dragon (D:12)
  2 trolls (D:11)
  A meliai (shapeshifter) (D:11)
  2 hornets
  Sigmund (D:4)
  10 yaks
  A wraith (D:10)
  A wyvern (D:12)
  A steam dragon (D:8)
  A water moccasin (D:8)
  3 sky beasts
  19 orc warriors
  A phantom (D:10)
  3 black bears
  4 ice beasts
  7 ogres
  6 centaurs
  3 big kobolds
  7 bullfrogs
  3 elf skeletons (D:5)
  5 scorpions
  11 killer bees
  A howler monkey (D:11)
  8 wights
  An electric eel (D:10)
  A vampire bat (D:4)
  2 centaur zombies
  A quasit (D:9)
  A human zombie (D:5)
  8 orc priests
  4 jellies
  4 bullfrog zombies
  A gnoll shaman (D:9)
  9 hounds
  19 orc wizards
  2 centaur skeletons
  A bullfrog skeleton (D:5)
  6 iguanas
  5 worker ants
  3 hound skeletons
  6 gnolls
  2 worker ant zombies (D:11)
  16 adders
  2 shadow imps
  4 white imps
  2 ufetubi
  An ooze (D:1)
  5 worms
  2 dart slugs (D:1)
  3 fire bats (D:4)
  9 leopard geckos
  31 orcs
  2 spectral bats (D:4)
  3 bat skeletons (D:4)
  A bat zombie (D:4)
  7 giant cockroaches
  9 hobgoblins
  10 jackals
  5 quokkas
  A ball python (D:1)
  19 bats
  A bat simulacrum (D:4)
  8 frilled lizards
  A giant cockroach zombie (D:5)
  16 goblins
  38 kobolds
  A leopard gecko skeleton (D:4)
  A leopard gecko zombie (D:7)
  An orc skeleton (D:5)
  An orc zombie (D:5)
  A quokka skeleton (D:9)
  15 rats
406 creatures vanquished.

Vanquished Creatures (others)
  A shadow (D:12)
  11 fungi (D:8)
  27 plants
39 creatures vanquished.

Grand Total: 445 creatures vanquished

Notes
Turn   | Place    | Note
-------+----------+-------------------------------------------
     0 | D:1      | kae the Octopode Transmuter began the quest for the Orb.
     0 | D:1      | Reached XP level 1. HP: 13/13 MP: 3/3
   143 | D:1      | Reached XP level 2. HP: 18/18 MP: 5/5
   600 | D:1      | Reached skill level 3 in Transmutations
   603 | D:1      | Reached XP level 3. HP: 23/23 MP: 6/6
   608 | D:1      | Learned a level 3 spell: Spider Form
  1571 | D:2      | Reached XP level 4. HP: 25/28 MP: 5/7
  3267 | D:3      | Reached XP level 5. HP: 33/34 MP: 6/8
  3427 | D:3      | Noticed Azzok's ghost (amateur DsBe)
  3492 | D:3      | Found a transporter.
  3627 | D:3      | Reached skill level 4 in Transmutations
  3627 | D:3      | Reached skill level 1 in Poison Magic
  3849 | D:3      | Found a transporter.
  3980 | D:4      | Noticed an ogre
  4022 | D:4      | Found an iron altar of Okawaru.
  4092 | D:4      | Noticed an ogre
  4108 | D:4      | HP: 1/34 [ogre/+0 giant club (20)]
  4109 | D:4      | Killed an ogre
  4109 | D:4      | Reached XP level 6. HP: 1/41 MP: 5/9
  4507 | D:4      | Reached XP level 7. HP: 39/45 MP: 9/11
  4711 | D:4      | Reached skill level 5 in Transmutations
  5312 | D:4      | Noticed Sigmund
  5326 | D:4      | Killed Sigmund
  5604 | D:5      | Entered Level 5 of the Dungeon
  6106 | D:4      | Learned a level 5 spell: Blade Hands
  6125 | D:5      | Reached XP level 8. HP: 19/52 MP: 10/13
  6510 | D:5      | Reached skill level 5 in Unarmed Combat
  6510 | D:5      | Reached skill level 6 in Transmutations
  6781 | D:5      | Learned a level 4 spell: Ice Form
  7356 | D:5      | Reached skill level 1 in Ice Magic
  7888 | D:6      | Found a shimmering blue altar of Sif Muna.
  8228 | D:6      | Reached skill level 7 in Transmutations
  8247 | D:6      | Reached XP level 9. HP: 31/59 MP: 11/15
  9190 | D:6      | Reached skill level 5 in Fighting
 10032 | D:7      | Reached skill level 8 in Transmutations
 10726 | D:7      | Found a staircase to the Ecumenical Temple.
 10746 | Temple   | Entered the Ecumenical Temple
 10814 | Temple   | Became a worshipper of Cheibriados the Contemplative
 11522 | D:8      | Found a flagged portal.
 11544 | Bailey   | Entered a bailey
 11774 | Bailey   | Noticed an orc knight
 11905 | Bailey   | Reached * piety under Cheibriados
 11905 | Bailey   | Reached XP level 10. HP: 42/68 MP: 10/16
 12037 | Bailey   | Noticed an orc knight
 12120 | Bailey   | Killed an orc knight
 12120 | Bailey   | Reached skill level 9 in Transmutations
 12290 | Bailey   | Killed an orc knight
 13177 | D:8      | Reached ** piety under Cheibriados
 13250 | D:8      | Noticed a two-headed ogre
 13255 | D:8      | Killed a two-headed ogre
 13255 | D:8      | Reached skill level 10 in Transmutations
 13654 | D:8      | Found a staircase to the Lair.
 15316 | D:9      | Reached XP level 11. HP: 58/75 MP: 6/17
 15321 | D:9      | Reached *** piety under Cheibriados
 15710 | D:9      | Got a sparkling zirconium amulet
 15782 | D:9      | Noticed a two-headed ogre
 17047 | D:9      | Killed a two-headed ogre
 17047 | D:9      | Reached **** piety under Cheibriados
 17047 | D:9      | Reached skill level 11 in Transmutations
 17257 | D:10     | Entered Level 10 of the Dungeon
 17922 | D:10     | Noticed a two-headed ogre
 17991 | D:10     | Killed a two-headed ogre
 18374 | D:10     | Found a shimmering blue altar of Sif Muna.
 18709 | D:10     | Reached ***** piety under Cheibriados
 18837 | D:10     | Found a staircase to the Orcish Mines.
 19215 | D:10     | Noticed Erica
 19224 | D:10     | Killed Erica
 19224 | D:10     | Reached skill level 5 in Dodging
 19398 | D:10     | Found a large runed translucent door.
 19398 | D:10     | Found a large runed translucent door.
 19402 | D:10     | Noticed Yendr0's ghost (novice DDFi)
 19409 | D:10     | Found Otiy's Weapon Shoppe.
 19891 | D:11     | Identified the amulet of Wonder {Reflect rElec rPois MR+
                  | SH+5} (You found it on level 9 of the Dungeon)
 20318 | D:11     | Reached XP level 12. HP: 60/85 MP: 18/18
 21125 | D:11     | Reached skill level 10 in Unarmed Combat
 21421 | Lair:1   | Entered Level 1 of the Lair of Beasts
 21421 | Lair:1   | Noticed Sonja
 21423 | Lair:1   | Noticed a five-headed hydra
 21428 | Lair:1   | Noticed Joseph
 21440 | D:8      | Gained mutation: Your mind is acute. (Int +2) [potion of
                  | mutation]
 21440 | D:8      | Gained mutation: You evolve. [potion of mutation]
 21440 | D:8      | Gained mutation: Your natural rate of healing is unusually
                  | fast. [potion of mutation]
 21572 | D:12     | Noticed a centaur warrior
 21579 | D:12     | Noticed a centaur warrior
 21585 | D:12     | Killed a centaur warrior
 21600 | D:12     | Noticed an ogre mage
 21606 | D:11     | HP: 1/87 [ice beast (8)]
 21609 | D:11     | Reached ****** piety under Cheibriados
 21609 | D:11     | Reached skill level 10 in Fighting
 21738 | D:12     | Killed an ogre mage
 22009 | D:12     | Noticed a boulder beetle
 22014 | D:12     | HP: 1/87 [centaur warrior (4)]
 22014 | D:12     | Slain by a vampire mosquito

Illustrated notes

Levels and vault maps discovered:
D:1:      lightli_arrival_lavapool, layout_basic
D:2:      wad_lake_hut, layout_basic, hangedman_decor_points
D:3:      layout_loops_ring, gammafunk_ghost_arena
D:4:      layout_loops_ring, okawaru_metal_pillars_1_2, portal_sewer_entry_d,
          goddamned_bats, uniq_sigmund
D:5:      layout_loops_cross, nicolae_ossuary_entry_catacombs
D:6:      minmay_razor_zed, layout_basic, nicolae_lava_and_water,
          lemuel_blue_sif_altar
D:7:      layout_loops_ring, minmay_temple_entry_antechambers
D:8:      layout_layer_cave, grunt_lair_entry_orc_guard_hut, enter_bailey_2
D:9:      layout_basic, minmay_misc_feat_nine_boxes, eino_tiny_chamber
D:10:     layout_basic, erik_orc_2, ebering_ghost_disaster_area, serial_shops,
          shop, kennysheep_small_circle, uniq_erica
D:11:     layout_loops_corners
D:12:     minmay_the_grid_square_5x5_5x5_mashed
          [minmay_the_grid_square_5x5_three_small,
          minmay_the_grid_square_5x5_fancy_junction,
          minmay_the_grid_square_5x5_seven, minmay_the_grid_square_5x5_spiral,
          minmay_the_grid_square_5x5_tetrominoes,
          minmay_the_grid_square_5x5_half_checkered,
          minmay_the_grid_square_5x5_prize_waves,
          minmay_the_grid_square_5x5_tri_point,
          minmay_the_grid_square_5x5_prize_snowflake,
          minmay_the_grid_square_5x5_fat_x, minmay_the_grid_square_5x5_slash,
          minmay_the_grid_square_5x5_misaligned,
          minmay_the_grid_square_5x5_prize_itemx,
          minmay_the_grid_square_5x5_shuriken,
          minmay_the_grid_square_5x5_gyroscope,
          minmay_the_grid_square_5x5_sharp_hourglass,
          minmay_the_grid_square_5x5_prize_gold,
          minmay_the_grid_square_5x5_plus,
          minmay_the_grid_square_5x5_prize_rear_guard,
          minmay_the_grid_square_5x5_shrine2,
          minmay_the_grid_square_5x5_doubleslash,
          minmay_the_grid_square_5x5_inner_i, minmay_the_grid_square_5x5_n,
          minmay_the_grid_square_5x5_tie, minmay_the_grid_square_5x5_forky],
          layout_rooms
Temple:   compressed_dpeg_triangle_lava_temple
Lair:1:   layout_layer_cave, fungi_pond_lemuel, serial_bayou_pond_a,
          minmay_stone_trees_small, uniq_joseph, uniq_sonja

Skill      XL: |  1  2  3  4  5  6  7  8  9 10 11 12 |
---------------+-------------------------------------+-----
Transmutations | 3 4 5 7 8 10 11 | 11.0
Fighting       | 2 3 4 5 7 9 10 | 10.0
Poison Magic   | 2 3 4 |  4.0
Unarmed Combat | 4 5 6 8 9 10 | 10.0
Spellcasting   | 3 4 |  4.0
Ice Magic      | 1 4 |  4.0
Dodging        | 5 8 |  8.6

Action                   |  1- 3 |  4- 6 |  7- 9 | 10-12 || total
-------------------------+-------+-------+-------+-------++-------
Melee: Unarmed           |    81 |   151 |   380 |   363 ||   975
       Constrict         |    21 |    35 |    30 |    73 ||   159
       Tentacles         |     9 |    24 |    29 |    80 ||   142
       Kick              |    11 |    14 |    11 |       ||    36
       Punch             |     1 |     2 |     9 |    22 ||    34
 Cast: Beastly Appendage |    19 |    28 |     9 |       ||    56
       Spider Form       |       |     3 |    24 |     1 ||    28
       Blade Hands       |       |       |     5 |    64 ||    69
       Ice Form          |       |       |     4 |     1 ||     5
 Abil: End Transformatio |       |     1 |       |     1 ||     2
       Stop Flying       |       |       |       |     1 ||     1
       Evoke Flight      |       |       |       |     1 ||     1
Evoke: Wand              |       |       |       |     2 ||     2
  Use: Scroll            |     5 |     8 |    12 |     6 ||    31
       Potion            |       |     1 |     5 |     3 ||     9
 Stab: Sleeping          |     5 |     4 |     9 |     7 ||    25
       Distracted        |     1 |       |       |       ||     1
Armor: Skin              |     7 |    22 |    44 |    37 ||   110
Dodge: Dodged            |    63 |    94 |   387 |   276 ||   820
Block: Other             |       |       |       |    26 ||    26
       Reflection        |       |       |       |     5 ||     5

Table legend: (Time is in decaauts)
 A = Elapsed time spent in this place.
 B = Non-inter-level travel time spent in this place.
 C = Inter-level travel time spent in this place.
 D = Time resting spent in this place.
 E = Time spent auto-exploring this place.
 F = Levels seen in this place.
 G = Mean time per level.
                   A        B        C        D        E       F      G
               +--------+--------+--------+--------+--------+-----+--------+
         Total |  24618 |  23823 |    795 |   4206 |  16609 |  15 | 1641.2 |
       Dungeon |  22726 |  21959 |    767 |   3522 |  15796 |  12 | 1893.8 |
        Temple |    272 |    245 |     27 |      0 |    243 |   1 |  272.0 |
          Lair |      8 |      8 |      0 |      0 |      0 |   1 |    8.0 |
        Bailey |   1611 |   1611 |      0 |    683 |    569 |   1 | 1611.0 |
               +--------+--------+--------+--------+--------+-----+--------+

Top non-repeatable levels by time:
    D:10: 3072 daAuts
     D:8: 2793 daAuts
     D:9: 2775 daAuts
    D:11: 2716 daAuts
     D:6: 2105 daAuts
     D:5: 1893 daAuts
     D:4: 1847 daAuts
  Bailey: 1611 daAuts
     D:3: 1460 daAuts
     D:7: 1383 daAuts
     D:1: 1309 daAuts
     D:2: 1227 daAuts
  Temple: 272 daAuts
    D:12: 140 daAuts
  Lair:1: 8 daAuts
